 Dungeon Crawl Stone Soup version bcrawl-1.41.1 (webtiles) character file.

Game seed: 7451592864401371118

319893 Yshiel the Magician (level 9, 0/65 HPs)
             Began as a Gnoll Ice Elementalist on Apr 25, 2024.
             Was a Follower of Okawaru.
             Slain by a troll (6 damage)
             ... on level 7 of the Dungeon on Apr 26, 2024.
             The game lasted 00:51:53 (5262 turns).

Yshiel the Magician (Gnoll Ice Elementalist)        Turns: 5262, Time: 00:51:53

Health: 0/65       AC:  7    Str: 17    XL:     9   Next: 52%
Magic:  14/19      EV: 16    Int: 19    God:    Okawaru [*.....]
Gold:   264        SH:  0    Dex: 16    Spells: 20/21 levels left

rFire    x . .     GDR:     31% J - +1 dagger (elec)
rCold    + . .     SeeInvis .   (no shield)
rNeg     . . .     Gourm    .   Q - +2 robe {RegenMP}
rPois    .         Faith    .   s - +2 helmet
rElec    +         Spirit   .   S - scarf {repulsion}
rCorr    .         Reflect  .   (no gloves)
MR       .....                  (no boots)
Stlth    +++.......             (no amulet)
HPRegen  0.20/turn              C - ring "Dojib" {Ice rElec}
MPRegen  0.32/turn              (no ring)

@: mighty, lethally poisoned (0 -> -2), very slightly contaminated, studying
Staves, repel missiles
A: distributed training, fangs 1, strong nose
a: Heroism, Renounce Religion


You were on level 7 of the Dungeon.
You worshipped Okawaru.
Okawaru was aware of your devotion.
You were not hungry.

You visited 2 branches of the dungeon, and saw 8 of its levels.
You also visited: Sewer.

You collected 488 gold pieces.
You spent 224 gold pieces at shops.

Inventory:

Hand Weapons
 d - a +0 whip
 k - a +1 dagger of venom
 v - a +0 hunting sling of freezing
 w - a +0 spear of piercing
 y - a +0 blowgun
 A - a +1 short sword of venom
 I - a +1 great sword of holy wrath
 J - a +1 dagger of electrocution (weapon)
 M - a +4 mace
 P - a +0 whip of freezing
Missiles
 f - 1964 stones
 g - 139 poisoned needles
 n - 246 bolts
 u - 1092 sling bullets
 B - 111 poisoned tomahawks (quivered)
 G - 115 arrows
Armour
 a - a +0 robe
 s - a +2 helmet (worn)
 D - a +0 cloak
 O - a +3 leather armour
 Q - a +2 robe of magic recovery (worn)
 S - a scarf of repulsion (worn)
Jewellery
 C - the ring "Dojib" (left hand) {Ice rElec}
   (You bought it in a shop on level 4 of the Dungeon)

   [ring of ice]

   It enhances your ice magic.
   It makes you vulnerable to fire.
   It protects you from cold.
   It insulates you from electricity.
Wands
 c - a wand of iceblast (1)
 E - a wand of paralysis (6)
 F - a wand of polymorph (8)
 L - a wand of scattershot (6)
Scrolls
 i - 2 scrolls of identify
 j - a scroll of fog
 l - a scroll of blinking
 m - 4 scrolls of remove curse
 o - a scroll of noise
 p - a scroll of teleportation {unknown}
 r - a scroll of fear {unknown}
 x - a scroll of revelation {unknown}
 H - a scroll of enchant weapon {unknown}
 N - a scroll of amnesia
Potions
 b - a potion of might
 h - a potion of lignification
 q - 2 potions of flight
 z - a potion of mutation {unknown}
 K - 3 potions of curing {unknown}
 T - a potion of ambrosia {unknown}
 U - a potion of invisibility {unknown}
Comestibles
 e - 13 rations {!d}
 R - 3 chunks of flesh


   Skills:
 + Level 4.2 Fighting
 + Level 4.2 Short Blades
 + Level 4.2 Long Blades
 + Level 4.2 Axes
 + Level 4.2 Maces & Flails
 + Level 4.2 Polearms
 + Level 5.1 Staves
 + Level 4.2 Slings
 + Level 4.2 Bows
 + Level 4.2 Crossbows
 + Level 4.2 Throwing
 + Level 4.2 Armour
 + Level 6.3 Dodging
 + Level 6.3 Stealth
 + Level 4.2 Shields
 + Level 4.2 Unarmed Combat
 + Level 6.6 Spellcasting
 + Level 4.1 Conjurations
 + Level 3.5 Hexes
 + Level 3.5 Charms
 + Level 3.5 Summonings
 + Level 3.5 Necromancy
 + Level 3.5 Translocations
 + Level 3.5 Transmutations
 + Level 3.5 Fire Magic
 + Level 6.5 Ice Magic
 + Level 3.5 Air Magic
 + Level 3.5 Earth Magic
 + Level 3.5 Poison Magic
 + Level 4.7 Invocations
 + Level 4.2 Evocations


You had 20 spell levels left.
You knew the following spells:

 Your Spells              Type           Power        Failure   Level  Hunger
a - Freeze                Ice            #####.       1%          1    None

Your spell library contained the following spells:

 Spells                   Type           Power        Failure   Level  Hunger
 Throw Frost              Conj/Ice       #####.       1%          2    None
 Ozocubu's Armour         Chrm/Ice       #####...     4%          3    #......
 Throw Icicle             Conj/Ice       #####...     12%         4    ####...
 Ice Form                 Ice/Tmut       #####...     13%         4    ####...
 Summon Ice Beast         Ice/Summ       #####...     13%         4    ####...


Dungeon Overview and Level Annotations

Branches:
Dungeon (7/12)             Temple (1/1) D:5
   Lair: D:7-9

Altars:
Cheibriados
Elyvilon
Kikubaaqudgha
Lugonu
Nemelex Xobeh
Okawaru
Sif Muna
Trog
Uskayaw
Wu Jian
Yredelemnul
The Shining One

Shops:
D:4 *}   D:5 *

Annotations:
D:3 2 runed translucent doors, rumpelstilzz's ghost, amateur CeAM
D:5 Sigmund


Innate Abilities, Weirdness & Mutations

Your experience applies equally to all skills.
You have very sharp teeth.
Your uncanny sense of smell can sniff out nearby items.


Message History

Confirm with . or Enter, or press ? or * to list all spells.
Aiming: Freeze (safe; 1% risk of failure)
Press: ? - help, Shift-Dir - straight line, f/p - troll
Aim: a troll (lightly wounded)
You feel a surge of power!
You freeze the troll!
The troll is moderately wounded.
You feel sick. The troll bites you but does no damage.
The troll barely misses you. The troll closely misses you.
The worker ant closely misses you.
Casting: Freeze (safe; 1% risk of failure)
Confirm with . or Enter, or press ? or * to list all spells.
Aiming: Freeze (safe; 1% risk of failure)
Press: ? - help, Shift-Dir - straight line, f/p - troll
Aim: a troll (moderately wounded)
You feel a surge of power!
You freeze the troll!
The troll is severely wounded.
The orc wizard gestures wildly while chanting.
The orc wizard blinks!
The worker ant misses you. The troll misses you. x2
The troll claws you.
You die...

............#.........
...>........#o........
#####.#######oo##..###
#####.###.##...# ###
.'.........#..r#
[#.........#...#
.#######..##.o.#
.##..## ..##.go###
....... .#..gOa@#
....... #...rT.#
.##..## ######## ##
..# ... ..


You could see a troll, an orc warrior, an ogre, a worker ant, 2 gnolls, an orc
and a quokka.

Vanquished Creatures
  Pikel (D:5)
  Eustachio (D:4)
  Edmund (D:4)
  A crocodile (Sewer)
  A water moccasin (D:7)
  2 sky beasts (D:4)
  A phantom (D:4)
  A slave (D:5)
  3 ogres
  2 bullfrogs (D:6)
  3 scorpions
  A water moccasin skeleton (D:5)
  3 wights (D:6)
  2 orc priests
  A jelly (D:6)
  A hound (D:4)
  An orc wizard (D:3)
  Jessica (D:3)
  2 iguanas
  Ijyb (D:3)
  3 worker ants
  A hound zombie (D:6)
  A hound skeleton (D:4)
  Robin (D:3)
  A gnoll (D:7)
  A howler monkey skeleton (D:4)
  7 adders
  A shadow imp (D:5)
  2 adder zombies
  2 adder skeletons (D:4)
  A worm (D:3)
  A dart slug (D:1)
  3 leopard geckos
  21 orcs
  A ball python (D:4)
  3 giant cockroaches
  2 goblins (D:2)
  8 hobgoblins
  2 jackals (Sewer)
  6 quokkas
  10 bats
  5 frilled lizards
  20 kobolds
  2 quokka skeletons
  4 rats
139 creatures vanquished.

Notes
Turn   | Place    | Note
-------+----------+-------------------------------------------
     0 | D:1      | Yshiel the Gnoll Ice Elementalist began the quest for the
                  | Orb.
     0 | D:1      | Reached XP level 1. HP: 13/13 MP: 6/6
   172 | D:1      | Reached XP level 2. HP: 8/19 MP: 5/7
   915 | D:2      | Found an ancient bone altar of Kikubaaqudgha.
   928 | D:2      | Reached XP level 3. HP: 20/25 MP: 9/9
   935 | D:2      | Reached skill level 5 in Spellcasting
  1175 | D:2      | Found a glowing golden altar of the Shining One.
  1225 | D:2      | Reached skill level 1 in Invocations
  1650 | D:3      | Found a glowing drain.
  1657 | D:3      | Reached skill level 1 in Fighting
  1657 | D:3      | Reached skill level 1 in Short Blades
  1657 | D:3      | Reached skill level 1 in Long Blades
  1657 | D:3      | Reached skill level 1 in Axes
  1657 | D:3      | Reached skill level 1 in Maces & Flails
  1657 | D:3      | Reached skill level 1 in Polearms
  1657 | D:3      | Reached skill level 1 in Staves
  1657 | D:3      | Reached skill level 1 in Slings
  1657 | D:3      | Reached skill level 1 in Bows
  1657 | D:3      | Reached skill level 1 in Crossbows
  1657 | D:3      | Reached skill level 1 in Throwing
  1657 | D:3      | Reached skill level 1 in Armour
  1657 | D:3      | Reached skill level 1 in Shields
  1657 | D:3      | Reached skill level 1 in Unarmed Combat
  1657 | D:3      | Reached skill level 1 in Evocations
  1657 | D:3      | Reached XP level 4. HP: 32/32 MP: 11/11
  1663 | Sewer    | Entered a sewer
  1752 | Sewer    | Noticed a crocodile
  1764 | Sewer    | Killed a crocodile
  1765 | Sewer    | Reached skill level 1 in Hexes
  1765 | Sewer    | Reached skill level 1 in Charms
  1765 | Sewer    | Reached skill level 1 in Summonings
  1765 | Sewer    | Reached skill level 1 in Necromancy
  1765 | Sewer    | Reached skill level 1 in Translocations
  1765 | Sewer    | Reached skill level 1 in Transmutations
  1765 | Sewer    | Reached skill level 1 in Fire Magic
  1765 | Sewer    | Reached skill level 1 in Air Magic
  1765 | Sewer    | Reached skill level 1 in Earth Magic
  1765 | Sewer    | Reached skill level 1 in Poison Magic
  1765 | Sewer    | Reached XP level 5. HP: 12/37 MP: 5/12
  2127 | D:3      | Found a runed translucent door.
  2245 | D:3      | Noticed Robin
  2252 | D:3      | Killed Robin
  2314 | D:3      | Noticed Ijyb
  2331 | D:3      | Found a basalt altar of Yredelemnul.
  2331 | D:3      | Found a transporter.
  2336 | D:3      | Found a transporter.
  2502 | D:3      | Noticed rumpelstilzz's ghost (amateur CeAM)
  2505 | D:3      | Noticed a bullfrog
  2544 | D:3      | Reached XP level 6. HP: 21/44 MP: 13/13
  2680 | D:3      | Noticed Jessica
  2691 | D:3      | Killed Jessica
  2777 | D:4      | Found Enad's Gadget Boutique.
  2807 | D:4      | Noticed Eustachio
  2826 | D:4      | Killed Eustachio
  2827 | D:4      | Reached skill level 5 in Dodging
  2827 | D:4      | Reached skill level 5 in Stealth
  2827 | D:4      | Reached XP level 7. HP: 36/50 MP: 15/15
  3036 | D:4      | Noticed Edmund
  3061 | D:4      | Killed Edmund
  3124 | D:3      | Killed Ijyb
  3236 | D:3      | Reached XP level 8. HP: 56/57 MP: 12/16
  3290 | D:3      | Found a runed translucent door.
  3324 | D:4      | Found Vufev's Assorted Antiques.
  3575 | D:4      | Bought a scroll of identify for 64 gold pieces
  3575 | D:4      | Bought a vibrating tin ring for 160 gold pieces
  3575 | D:4      | Identified the ring "Dojib" {Ice rElec} (You bought it in a
                  | shop on level 4 of the Dungeon)
  3760 | D:5      | Entered Level 5 of the Dungeon
  3764 | D:5      | Found Pwaim's Practical Paraphernalia.
  3786 | D:5      | Found an ornate altar of the Wu Jian Council.
  3941 | D:5      | Noticed Sigmund
  4199 | D:5      | Found a staircase to the Ecumenical Temple.
  4207 | Temple   | Entered the Ecumenical Temple
  4248 | Temple   | Became a worshipper of Warmaster Okawaru
  4377 | D:5      | Noticed Pikel
  4441 | D:5      | Killed Pikel
  4441 | D:5      | Reached * piety under Okawaru
  4442 | D:5      | Reached XP level 9. HP: 43/65 MP: 12/18
  4591 | D:6      | Found a sparkling altar of Nemelex Xobeh.
  4591 | D:6      | Found a bloodstained altar of Trog.
  5101 | D:6      | Reached skill level 5 in Staves
  5230 | D:7      | Noticed a troll
  5234 | D:7      | Found a corrupted altar of Lugonu.
  5262 | D:7      | Slain by a troll

Skill      XL: |  1  2  3  4  5  6  7  8  9 |
---------------+----------------------------+-----
Conjurations   | 2 3 4 |  4.1
Spellcasting   | 5 6 |  6.6
Invocations    | 1 2 3 4 |  4.7
Fighting       | 1 2 3 4 |  4.2
Short Blades   | 1 2 3 4 |  4.2
Long Blades    | 1 2 3 4 |  4.2
Axes           | 1 2 3 4 |  4.2
Maces & Flails | 1 2 3 4 |  4.2
Polearms       | 1 2 3 4 |  4.2
Staves         | 1 2 4 5 |  5.1
Slings         | 1 2 3 4 |  4.2
Bows           | 1 2 3 4 |  4.2
Crossbows      | 1 2 3 4 |  4.2
Throwing       | 1 2 3 4 |  4.2
Armour         | 1 2 3 4 |  4.2
Shields        | 1 2 3 4 |  4.2
Unarmed Combat | 1 2 3 4 |  4.2
Evocations     | 1 2 3 4 |  4.2
Hexes          | 1 2 3 |  3.5
Charms         | 1 2 3 |  3.5
Summonings     | 1 2 3 |  3.5
Necromancy     | 1 2 3 |  3.5
Translocations | 1 2 3 |  3.5
Transmutations | 1 2 3 |  3.5
Fire Magic     | 1 2 3 |  3.5
Air Magic      | 1 2 3 |  3.5
Earth Magic    | 1 2 3 |  3.5
Poison Magic   | 1 2 3 |  3.5
Dodging        | 5 6 |  6.3
Stealth        | 5 6 |  6.3
Ice Magic      | 6 |  6.5

Action                   |  1- 3 |  4- 6 |  7- 9 || total
-------------------------+-------+-------+-------++-------
Melee: Dagger            |    60 |     6 |    76 ||   142
       Whip              |     1 |       |       ||     1
       Bite              |     3 |     6 |    16 ||    25
       Short sword       |       |    35 |    40 ||    75
       Unarmed           |       |     6 |       ||     6
       Punch             |       |       |     1 ||     1
 Fire: Blowgun           |       |     2 |       ||     2
       Hunting sling     |       |       |    33 ||    33
 Cast: Freeze            |    20 |    44 |    77 ||   141
  Use: Scroll            |       |     3 |    10 ||    13
       Potion            |       |       |     4 ||     4
 Stab: Sleeping          |    10 |     2 |     7 ||    19
  Eat: Chunk             |     4 |     6 |     8 ||    18
       Ration            |       |       |     1 ||     1
Armor: Robe              |    16 |     6 |    30 ||    52
       Leather armour    |       |       |    11 ||    11
Dodge: Dodged            |    71 |    74 |   144 ||   289
